 Dungeon Crawl Stone Soup version 0.23-a0-805-gc1268f8 (webtiles) character file.

17613 Lanoc the Blocker (level 12, 0/145 HPs)
             Began as a Gnoll Fighter on Jan 19, 2019.
             Was a Believer of Nemelex Xobeh.
             Killed from afar by a white imp (2 damage)
             ... with a puff of frost
             ... in an ice cave.
             The game lasted 00:28:37 (10424 turns).

Lanoc the Blocker (Gnoll Fighter)                  Turns: 10424, Time: 00:28:39

Health: 0/145      AC: 18    Str: 32    XL:     12   Next: 49%
Magic:  22/22      EV: 11    Int: 12    God:    Nemelex Xobeh [**....]
Gold:   403        SH: 14    Dex: 15    Spells: 23/25 levels left

rFire    + . .     SeeInvis +   A - +12 flail "Guwung" {drain, rPois rF+}
rCold    + + .     Gourm    .   c - +1 shield
rNeg     . . .     Faith    .   F - +0 plate armour
rPois    +         Spirit   .   J - +0 hat "Guyphumu" {rPois rC+ SInv} (curse)
rElec    .         Reflect  .   r - +0 cloak {rC+}
rCorr    .         Harm     .   (no gloves)
MR       .....                  n - +1 pair of boots
Stlth    ..........             (no amulet)
HPRegen  0.34/turn              g - +5 ring of slaying
MPRegen  0.18/turn              B - +5 ring of strength

@: berserking, studying 2 skills, very quick
A: distributed training, fangs 1, strong nose
a: Draw Escape, Draw Destruction, Draw Summoning, Renounce Religion


You were in an ice cave.
You worshipped Nemelex Xobeh.
Nemelex Xobeh was pleased with you.
You were not hungry.

You visited 2 branches of the dungeon, and saw 12 of its levels.
You also visited: Bailey and Ice Cave.

You collected 403 gold pieces.

Inventory:

Hand Weapons
 A - the +12 flail "Guwung" (weapon) {drain, rPois rF+}
   (You found it on level 6 of the Dungeon)

   A truly terrible weapon, it drains the life of those it strikes.
   It protects you from fire.
   It protects you from poison.
 G - the +7 hunting sling of Foolhardiness {venom, rF- rC+ rN+}
   (You found it on level 7 of the Dungeon)

   It poisons the ammo it fires.
   It makes you vulnerable to fire.
   It protects you from cold.
   It protects you from negative energy.
Missiles
 s - 121 arrows
 u - 62 sling bullets
 v - 173 bolts
Armour
 c - a +1 shield (worn)
 n - a +1 pair of boots (worn)
 r - a +0 cloak of cold resistance (worn)
 F - a +0 plate armour (worn)
 H - a scarf of repulsion
 J - the cursed +0 hat "Guyphumu" (worn) {rPois rC+ SInv}
   (You found it in an ice cave)

   It protects you from cold.
   It protects you from poison.
   It lets you see invisible.
   It has a curse placed upon it.
Jewellery
 a - an uncursed ring of flight
 g - a +5 ring of slaying (left hand)
 q - an uncursed ring of poison resistance
 B - a +5 ring of strength (right hand)
Wands
 k - a wand of iceblast (8)
 t - a wand of disintegration (8)
 y - a wand of polymorph (8)
 D - a wand of enslavement (5)
Scrolls
 l - 5 scrolls of remove curse
 m - 6 scrolls of teleportation
 p - 6 scrolls of enchant weapon
 w - a scroll of fear
 C - a scroll of amnesia
 I - a scroll of enchant armour
Potions
 d - 2 potions of might
 e - 3 potions of curing
 i - 5 potions of agility
 o - a potion of haste
 x - a potion of brilliance
 z - 2 potions of ambrosia
Books
 b - a manual of
Armour
 j - a manual of Shields
Comestibles
 f - 19 rations


   Skills:
 + Level 9.8 Fighting
 + Level 7.2 Short Blades
 + Level 8.6 Long Blades
 + Level 7.2 Axes
 + Level 7.2 Maces & Flails
 + Level 7.2 Polearms
 + Level 7.2 Staves
 + Level 7.2 Slings
 + Level 7.2 Bows
 + Level 7.2 Crossbows
 + Level 7.2 Throwing
 + Level 10.6 Armour
 + Level 7.2 Dodging
 + Level 7.2 Stealth
 + Level 10.6 Shields
 + Level 7.2 Unarmed Combat
 + Level 7.2 Spellcasting
 + Level 6.0 Conjurations
 + Level 6.0 Hexes
 + Level 6.0 Charms
 + Level 6.0 Summonings
 + Level 6.0 Necromancy
 + Level 6.0 Translocations
 + Level 6.0 Transmutations
 + Level 6.0 Fire Magic
 + Level 6.0 Ice Magic
 + Level 6.0 Air Magic
 + Level 6.0 Earth Magic
 + Level 6.0 Poison Magic
 + Level 7.9 Invocations
 + Level 7.2 Evocations


You had 23 spell levels left.
You knew the following spells:

 Your Spells              Type           Power        Failure   Level  Hunger
a - Blink                 Tloc           N/A          22%         2    #......

Your spell library contained the following spells:

 Spells                   Type           Power        Failure   Level  Hunger
 Freeze                   Ice            ###.         16%         1    None
 Magic Dart               Conj           ###.         16%         1    None
 Call Imp                 Summ           ###.....     22%         2    #......
 Slow                     Hex            ###.....     22%         2    #......
 Throw Frost              Conj/Ice       ###...       22%         2    #......
 Conjure Flame            Conj/Fire      ###.....     41%         3    ###....
 Mephitic Cloud           Conj/Pois/Air  ###.....     41%         3    ###....
 Ozocubu's Armour         Chrm/Ice       ###.....     41%         3    ###....
 Summon Ice Beast         Ice/Summ       ###.....     83%         4    ####...
 Throw Icicle             Conj/Ice       ###.....     83%         4    ####...
 Alistair's Intoxication  Tmut/Pois      ###.....     99%         5    ######.
 Yara's Violent Unravell  Hex/Tmut       ###.......   99%         5    ######.
 Hydra Form               Tmut           ###.......   100%        6    #######


Dungeon Overview and Level Annotations

Branches:
Dungeon (11/15)            Temple (1/1) D:7            Lair (0/6) D:8
    Orc (0/2) D:9

Altars:
Ashenzari
Cheibriados
Dithmenos
Elyvilon
Fedhas
Gozag
Hepliaklqana
Kikubaaqudgha
Makhleb
Nemelex Xobeh
Okawaru
Qazlal
Ru
Sif Muna
Trog
Uskayaw
Vehumet
Wu Jian
Xom
Yredelemnul
Zin
The Shining One
Beogh

Annotations:
D:4 3 runed doors, bli's ghost, amateur MfMo


Innate Abilities, Weirdness & Mutations

Your experience applies equally to all skills.
You have very sharp teeth.
Your uncanny sense of smell can sniff out nearby items.


Message History

You feel much better. The ufetubus barely misses you.
The ufetubus closely misses you. x2; You block the ufetubus's attack.
You draw a card...
You have drawn Degeneration.
The ufetubus evaporates and reforms as a white imp!
The white imp twists and deforms.
The reaper hits you with a +1 scythe of freezing!!
* * * LOW HITPOINT WARNING * * *
You block the white imp's attack.
Okay, then.
Okay, then.
Press: ? - help, v - describe, . - travel
Here: a reaper, wielding a +1 scythe of freezing (heavily wounded)
The floor.
A red film seems to cover your vision as you go berserk!
You feel yourself moving faster!
You feel mighty! You block the reaper's attack. The white imp gestures at you.
The puff of frost hits you! You resist.
You die...
Your body glows slightly and disappears.

#...###..# #...§○≈. ... ∆
#..##.#.##
#...#○.§####..# ∆
#..#....## #...#......○55
#..##....###...# .§≈☼°°2#
##..#....##....###..#...#
#..##...##......##.#..# ∆
##..#..##..#.....#.#..#
#..####..###.5..(((###
##.###...# #.@2.....#
##..#..## ##.......#
#....## #......## ##..##
##.....# #### ##...##
##.## ###


You could see a reaper and a white imp.

Vanquished Creatures
  Harold (D:11)
  2 hydras (D:11)
  3 two-headed ogres
  An orc knight (Bailey)
  An elephant (D:8)
  2 ice statues (IceCv)
  A gargoyle (D:9)
  2 rime drakes (D:11)
  3 ice devils (IceCv)
  A troll (D:11)
  5 slime creatures (D:9)
  4 hippogriffs
  A wraith (D:11)
  A spriggan (D:7)
  A vampire (D:11)
  6 yaks (D:10)
  A basilisk (D:8)
  2 soldier ants
  19 orc warriors
  3 ice beasts
  3 eyes of draining
  2 phantoms
  2 sky beasts
  2 ogres
  4 centaurs
  A crocodile (D:8)
  A gnoll sergeant (D:10)
  3 bullfrogs
  4 scorpions
  8 killer bees
  10 wights
  A crimson imp (D:8)
  6 howler monkeys
  2 centaur zombies
  A quasit (D:8)
  A bullfrog zombie (D:9)
  3 hounds
  2 jellies
  2 bullfrog skeletons
  6 orc priests
  4 iguanas
  11 orc wizards
  Terence (D:3)
  11 worker ants
  A hound skeleton (D:7)
  A worker ant zombie (D:10)
  Robin (D:2)
  10 gnolls
  5 adders
  A shadow imp (D:11)
  7 white imps (IceCv)
  9 ufetubi (IceCv)
  2 oozes
  An adder zombie (D:5)
  2 adder skeletons
  6 worms
  A dart slug (D:1)
  2 leopard geckos
  58 orcs
  3 ball pythons
  6 bats
  6 giant cockroaches
  10 goblins
  7 hobgoblins
  23 jackals
  5 quokkas
  2 frilled lizards
  A giant cockroach zombie (D:5)
  3 kobolds
  A quokka zombie (D:6)
  8 rats
333 creatures vanquished.

Vanquished Creatures (collateral kills)
  A hornet (D:10)
  3 wights (D:11)
  A quasit (D:11)
  An iguana (D:11)
6 creatures vanquished.

Vanquished Creatures (others)
  2 orc warriors (Bailey)
  A killer bee (D:9)
  A white imp (IceCv)
  2 ufetubi (IceCv)
  A ball lightning (D:9)
  An orc (D:9)
8 creatures vanquished.

Grand Total: 347 creatures vanquished

Notes
Turn   | Place    | Note
-------+----------+-------------------------------------------
     0 | D:1      | Lanoc the Gnoll Fighter began the quest for the Orb.
     0 | D:1      | Reached XP level 1. HP: 23/23 MP: 1/1
    23 | D:1      | Reached XP level 2. HP: 12/29 MP: 2/2
   501 | D:1      | Reached XP level 3. HP: 35/35 MP: 3/3
   856 | D:2      | Noticed Robin
   861 | D:2      | Reached skill level 1 in Invocations
   867 | D:2      | Killed Robin
   867 | D:2      | Reached skill level 1 in Short Blades
   867 | D:2      | Reached skill level 1 in Axes
   867 | D:2      | Reached skill level 1 in Maces & Flails
   867 | D:2      | Reached skill level 1 in Polearms
   867 | D:2      | Reached skill level 1 in Staves
   867 | D:2      | Reached skill level 1 in Slings
   867 | D:2      | Reached skill level 1 in Bows
   867 | D:2      | Reached skill level 1 in Crossbows
   867 | D:2      | Reached skill level 1 in Throwing
   867 | D:2      | Reached skill level 1 in Dodging
   867 | D:2      | Reached skill level 1 in Stealth
   867 | D:2      | Reached skill level 1 in Unarmed Combat
   867 | D:2      | Reached skill level 1 in Spellcasting
   867 | D:2      | Reached skill level 1 in Evocations
   872 | D:2      | Reached XP level 4. HP: 32/41 MP: 5/5
  1512 | D:3      | Noticed Terence
  1524 | D:3      | Killed Terence
  1524 | D:3      | Reached skill level 1 in Conjurations
  1524 | D:3      | Reached skill level 1 in Hexes
  1524 | D:3      | Reached skill level 1 in Charms
  1524 | D:3      | Reached skill level 1 in Summonings
  1524 | D:3      | Reached skill level 1 in Necromancy
  1524 | D:3      | Reached skill level 1 in Translocations
  1524 | D:3      | Reached skill level 1 in Transmutations
  1524 | D:3      | Reached skill level 1 in Fire Magic
  1524 | D:3      | Reached skill level 1 in Ice Magic
  1524 | D:3      | Reached skill level 1 in Air Magic
  1524 | D:3      | Reached skill level 1 in Earth Magic
  1524 | D:3      | Reached skill level 1 in Poison Magic
  1628 | D:3      | Reached XP level 5. HP: 47/47 MP: 6/6
  2141 | D:4      | Found a runed gate.
  2144 | D:4      | Noticed bli's ghost (amateur MfMo)
  2145 | D:4      | Noticed a big kobold
  2145 | D:4      | Found a runed gate.
  2145 | D:4      | Found a runed gate.
  2351 | D:4      | Reached XP level 6. HP: 50/53 MP: 8/8
  2413 | D:4      | Found a shimmering altar of Xom.
  2495 | D:4      | Found a shimmering altar of Xom.
  2502 | D:4      | Found a shimmering altar of Xom.
  2503 | D:4      | Found a shimmering altar of Xom.
  2614 | D:5      | Entered Level 5 of the Dungeon
  2625 | D:5      | Noticed a phantom
  2632 | D:5      | Killed a phantom
  2632 | D:5      | Reached skill level 5 in Long Blades
  2687 | D:5      | Reached XP level 7. HP: 59/59 MP: 10/10
  3365 | D:6      | Reached XP level 8. HP: 64/67 MP: 12/12
  3480 | D:6      | Found a shadowy altar of Dithmenos.
  3696 | D:6      | Got an ichor-stained flail
  3697 | D:6      | Identified the +12 flail "Guwung" {drain, rPois rF+} (You
                  | found it on level 6 of the Dungeon)
  3943 | D:7      | Found a staircase to the Ecumenical Temple.
  3956 | Temple   | Entered the Ecumenical Temple
  4288 | Temple   | Became a worshipper of Nemelex Xobeh the Trickster
  4333 | D:7      | Received a gift from Nemelex Xobeh
  4369 | D:7      | Found a hide-covered altar of Uskayaw.
  4508 | D:7      | Got a transparent hunting sling
  4509 | D:7      | Identified the +7 hunting sling of Foolhardiness {venom,
                  | rF- rC+ rN+} (You found it on level 7 of the Dungeon)
  4664 | D:7      | Noticed a spriggan baker
  4668 | D:7      | Killed a spriggan baker
  4724 | D:7      | Got a bone falchion
  4725 | D:7      | Identified the cursed +1 falchion of Poverty {slice, Int+2
                  | Dex+5} (You found it on level 7 of the Dungeon)
  4880 | D:8      | Reached * piety under Nemelex Xobeh
  4880 | D:8      | Received a gift from Nemelex Xobeh
  5011 | D:8      | Reached XP level 9. HP: 68/72 MP: 9/14
  5016 | D:8      | Found a staircase to the Lair.
  5016 | D:8      | Noticed an elephant
  5028 | D:8      | Killed an elephant
  5253 | D:8      | Reached skill level 5 in Invocations
  5316 | D:8      | Found a deep blue altar of Sif Muna.
  5543 | D:9      | Noticed a two-headed ogre
  5553 | D:9      | Killed a two-headed ogre
  5553 | D:9      | Reached XP level 10. HP: 70/80 MP: 15/17
  5567 | D:9      | Found a roughly hewn altar of Beogh.
  5567 | D:9      | Found a staircase to the Orcish Mines.
  5582 | D:9      | Reached skill level 5 in Short Blades
  5582 | D:9      | Reached skill level 5 in Axes
  5582 | D:9      | Reached skill level 5 in Maces & Flails
  5582 | D:9      | Reached skill level 5 in Polearms
  5582 | D:9      | Reached skill level 5 in Staves
  5582 | D:9      | Reached skill level 5 in Slings
  5582 | D:9      | Reached skill level 5 in Bows
  5582 | D:9      | Reached skill level 5 in Crossbows
  5582 | D:9      | Reached skill level 5 in Throwing
  5582 | D:9      | Reached skill level 5 in Dodging
  5582 | D:9      | Reached skill level 5 in Stealth
  5582 | D:9      | Reached skill level 5 in Unarmed Combat
  5582 | D:9      | Reached skill level 5 in Spellcasting
  5582 | D:9      | Reached skill level 5 in Evocations
  5614 | D:9      | Noticed a gargoyle
  5620 | D:9      | Killed a gargoyle
  5684 | D:9      | Found a flagged portal.
  5890 | Bailey   | Entered a bailey
  6831 | Bailey   | Noticed an orc knight
  6839 | Bailey   | Killed an orc knight
  6839 | Bailey   | Reached XP level 11. HP: 69/87 MP: 19/19
  6971 | D:9      | Noticed a two-headed ogre
  6976 | D:9      | Killed a two-headed ogre
  7021 | D:9      | Learned a level 2 spell: Blink
  7237 | D:9      | Identified the Handbook of Shifting Contamination
  7492 | D:9      | Reached skill level 5 in Conjurations
  7492 | D:9      | Reached skill level 5 in Hexes
  7492 | D:9      | Reached skill level 5 in Charms
  7492 | D:9      | Reached skill level 5 in Summonings
  7492 | D:9      | Reached skill level 5 in Necromancy
  7492 | D:9      | Reached skill level 5 in Translocations
  7492 | D:9      | Reached skill level 5 in Transmutations
  7492 | D:9      | Reached skill level 5 in Fire Magic
  7492 | D:9      | Reached skill level 5 in Ice Magic
  7492 | D:9      | Reached skill level 5 in Air Magic
  7492 | D:9      | Reached skill level 5 in Earth Magic
  7492 | D:9      | Reached skill level 5 in Poison Magic
  7879 | D:10     | Entered Level 10 of the Dungeon
  7981 | D:10     | Identified a scroll of acquirement
  7984 | D:10     | Reached ** piety under Nemelex Xobeh
  8460 | D:10     | Received a gift from Nemelex Xobeh
  8797 | D:11     | Noticed a two-headed ogre
  8805 | D:11     | Killed a two-headed ogre
  8841 | D:11     | Noticed a seven-headed hydra
  8845 | D:11     | Killed a seven-headed hydra
  8845 | D:11     | Reached skill level 10 in Armour
  8845 | D:11     | Reached skill level 10 in Shields
  8845 | D:11     | Reached XP level 12. HP: 81/96 MP: 20/22
  9017 | D:11     | Noticed a four-headed hydra
  9023 | D:11     | Killed a four-headed hydra
  9073 | D:11     | Noticed Harold
  9102 | D:11     | Killed Harold
  9165 | D:11     | Found a frozen archway.
  9185 | IceCv    | Entered an ice cave
 10321 | IceCv    | Got an ichor-stained hat
 10327 | IceCv    | Identified the cursed +0 hat "Guyphumu" {rPois rC+ SInv}
                  | (You found it in an ice cave)
 10396 | IceCv    | Noticed a reaper
 10421 | IceCv    | HP: 3/97 [reaper/+1 scythe of freezing (4)]
 10423 | IceCv    | HP: 1/97 [reaper/+1 scythe of freezing (22)]
 10424 | IceCv    | Killed from afar by a white imp

Vault maps used:
D:1:      onia_arrival_handbag
D:2:      uniq_robin
D:3:      minivault_14, st_stairs_3, uniq_terence
D:4:      gammafunk_ghost_nasty_kobolds, xom_redecorated
D:5:      first_ration
D:6:      kennysheep_mini_moat
D:7:      minmay_temple_entry_overgrown, basic_altar, the_bakery
D:8:      kennysheep_orc_sif_temple, david_lair_generic
D:9:      david_orc_5, enter_bailey_7
D:11:     portal_ice_cave_rime, uniq_harold
Temple:   regret_index_temple_sigil_plot
Bailey:   bailey_polearm_2, bailey
IceCv:    ice_cave_small_demon

Skill      XL: |  1  2  3  4  5  6  7  8  9 10 11 12 |
---------------+-------------------------------------+-----
Invocations    | 1 2 3 4 5 6 7 |  7.9
Short Blades   | 1 2 3 4 5 6 7 |  7.2
Axes           | 1 2 3 4 5 6 7 |  7.2
Maces & Flails | 1 2 3 4 5 6 7 |  7.2
Polearms       | 1 2 3 4 5 6 7 |  7.2
Staves         | 1 2 3 4 5 6 7 |  7.2
Slings         | 1 2 3 4 5 6 7 |  7.2
Bows           | 1 2 3 4 5 6 7 |  7.2
Crossbows      | 1 2 3 4 5 6 7 |  7.2
Throwing       | 1 2 3 4 5 6 7 |  7.2
Dodging        | 1 2 3 4 5 6 7 |  7.2
Stealth        | 1 2 3 4 5 6 7 |  7.2
Unarmed Combat | 1 2 3 4 5 6 7 |  7.2
Spellcasting   | 1 2 3 4 5 6 7 |  7.2
Evocations     | 1 2 3 4 5 6 7 |  7.2
Conjurations   | 1 2 3 4 5 6 |  6.0
Hexes          | 1 2 3 4 5 6 |  6.0
Charms         | 1 2 3 4 5 6 |  6.0
Summonings     | 1 2 3 4 5 6 |  6.0
Necromancy     | 1 2 3 4 5 6 |  6.0
Translocations | 1 2 3 4 5 6 |  6.0
Transmutations | 1 2 3 4 5 6 |  6.0
Fire Magic     | 1 2 3 4 5 6 |  6.0
Ice Magic      | 1 2 3 4 5 6 |  6.0
Air Magic      | 1 2 3 4 5 6 |  6.0
Earth Magic    | 1 2 3 4 5 6 |  6.0
Poison Magic   | 1 2 3 4 5 6 |  6.0
Long Blades    | 5 6 7 8 |  8.6
Fighting       | 7 8 9 |  9.8
Armour         | 7 8 10 | 10.6
Shields        | 7 8 10 | 10.6

Action                   |  1- 3 |  4- 6 |  7- 9 | 10-12 || total
-------------------------+-------+-------+-------+-------++-------
Melee: Long sword        |    72 |     7 |       |       ||    79
       Bite              |    10 |    18 |    25 |    68 ||   121
       Trident           |       |   149 |    71 |       ||   220
       Flail             |       |       |    92 |   410 ||   502
       Unarmed           |       |       |       |     1 ||     1
 Fire: Hunting sling     |       |       |     4 |    64 ||    68
 Abil: Draw Destruction  |       |       |       |     9 ||     9
       Draw Summoning    |       |       |       |     4 ||     4
  Use: Scroll            |       |       |     8 |    12 ||    20
       Potion            |       |       |       |     6 ||     6
  Eat: Chunk             |       |     5 |     6 |    13 ||    24
       Ration            |       |       |     1 |     1 ||     2
Armor: Scale mail        |    35 |    43 |    21 |       ||    99
       Plate armour      |       |       |    34 |   195 ||   229
Dodge: Dodged            |    20 |    34 |    50 |   139 ||   243
       Deflected         |       |       |       |     3 ||     3
Block: Shield            |    50 |    73 |    81 |   324 ||   528
       Rpst.: Long sword |     3 |       |       |       ||     3

Table legend:
 A = Non-vault XP
 B = Vault XP
 C = Vault XP percentage of total XP
 D = Non-vault monster count
 E = Vault monster count
 F = Vault count percentage of total count
                 A         B        C        D         E       F
            +---------+---------+-------+---------+---------+-------
      Total |   16707 |    8455 |  33.6 |     242 |     101 |  29.4
            +---------+---------+-------+---------+---------+-------
        D:1 |      42 |       5 |  10.6 |      19 |       4 |  17.4
        D:2 |      33 |      33 |  50.0 |      10 |      11 |  52.4
        D:3 |      61 |      37 |  37.8 |      28 |       3 |   9.7
        D:4 |     140 |       0 |   0.0 |      16 |       0 |   0.0
        D:5 |     765 |       0 |   0.0 |      23 |       0 |   0.0
        D:6 |     457 |       0 |   0.0 |      15 |       0 |   0.0
        D:7 |      18 |     211 |  92.1 |       1 |       1 |  50.0
        D:8 |    1330 |    1215 |  47.7 |      31 |       6 |  16.2
        D:9 |    5385 |     452 |   7.7 |      31 |      26 |  45.6
       D:10 |    3494 |       0 |   0.0 |      32 |       0 |   0.0
       D:11 |    4982 |    1705 |  25.5 |      36 |       3 |   7.7
     Bailey |       0 |    2776 | 100.0 |       0 |      26 | 100.0
      IceCv |       0 |    2021 | 100.0 |       0 |      21 | 100.0
            +---------+---------+-------+---------+---------+-------
